cohdb
Replays
Latest Replays
All Replays
Popular Replays
Top Player Replays
Match Explorer
How It Works
Community
CoH3 Stats
Reddit
Sign in to upload your games and track your stats! →
Sign in with Steam
Match 45632810
Unlisted
Match 45632810
Overview
Messages
Build Orders
End
Construct Section Command Post
Selects Air and Sea Battlegroup
Dingo Light Scout Car
Dingo Light Scout Car
Vickers Machine Gun Team
Construct Platoon Command Post
Selects Supply Surplus
Construct Resource Cache
Construct Resource Cache
Unlock M3 Stuart Light Tanks
M3 Stuart Light Tank
Construct Resource Cache
Selects UNKNOWN (223837)
M3 Stuart Light Tank
Construct Resource Cache
M3 Stuart Light Tank
Construct Resource Cache
Royal Engineer Section
M3 Stuart Light Tank
Selects Assault Flares
Construct Company Command Post
Selects Commando Section Paradrop
Selects Commando Support Section Paradrop
Foot Guards Section
Foot Guards Section
Jm200092
BusanStyle
AHOIENMQ
Hello
Hudkey
FoxOnTheFront
BOSSTTRUPPEN
0
0
Comments
sign in to comment!
No comments posted yet!